cohdb
Replays
Latest Replays
All Replays
Popular Replays
Top Player Replays
Match Explorer
How It Works
Community
CoH3 Stats
Reddit
Sign in to upload your games and track your stats! →
Sign in with Steam
Match 39599628
Unlisted
Match 39599628
Overview
Messages
Build Orders
End
Construct Barracks
Riflemen Squad
M1 Mortar Team
M1 Mortar Team
Riflemen Squad
Grenade Package
Mechanized Support Center
Construct Motor Pool
M8 Greyhound Armored Car
M1 Anti-tank Gun Team
M24 Chaffee Light Tank
M3 75 mm Gun Motor Carriage
M3 75 mm Gun Motor Carriage
M3 75 mm Gun Motor Carriage
Selects Heavy Weapons
Selects Heavy Weapons
Selects Assault Carriers
Selects Exchangeable Parts
Riflemen Squad
Riflemen Squad
Designate Forward Repair Station
Engineer Squad
Rapid Repairs
Kanade
LLDK80
Potato eats chip
O'Sashello
본부중대장
(๑>◡<๑)
J
Gukbae
0
0
Comments
sign in to comment!
No comments posted yet!